 Dungeon Crawl Stone Soup version 0.28.0 (webtiles) character file.

Game seed: 2994286425826746271

8735 RighteousDevil the Fighter (level 11, -5/102 HPs)
             Began as a Deep Dwarf Necromancer on Feb 15, 2022.
             Succumbed to a cane toad's poison
             ... on level 2 of the Lair of Beasts.
             The game lasted 00:26:08 (8353 turns).

RighteousDevil the Fighter (Deep Dwarf Necromancer) Turns: 8353, Time: 00:26:09

Health: -5/102     AC: 10    Str: 17    XL:     11   Next: 13%
Magic:  0/0        EV: 10    Int: 18    God:
Gold:   388        SH:  0    Dex: 13    Spells: 12/16 levels left

rFire   . . .      SeeInvis .   a - +2 flail (protect)
rCold   . . .      Faith    .   (no shield)
rNeg    . . .      Spirit   .   f - +0 scale mail
rPois   .          Reflect  .   k - +0 helmet {Int+3}
rElec   .          Harm     .   (no cloak)
rCorr   .          Rampage  .   d - +0 pair of gloves
Will    +....      Clarity  +   l - +0 pair of boots
Stlth   +.........              (no amulet)
HPRegen 0.00/turn               (no ring)
MPRegen 0.07/turn               (no ring)

@: lethally poisoned (-5 -> -20)
A: damage resistance, heal wounds, sense surroundings 2, no regeneration,
clarity, frail 1
a: Heal Wounds


You were on level 2 of the Lair of Beasts.
You visited 3 branches of the dungeon, and saw 12 of its levels.
You also visited: Bailey.

You collected 388 gold pieces.

Inventory:

Hand Weapons
 a - a +2 flail of protection (weapon)
 e - a +0 broad axe
Missiles
 h - 2 throwing nets
Armour
 d - a +0 pair of gloves (worn)
 f - a +0 scale mail (worn)
 k - a +0 helmet of intelligence (worn)
 l - a +0 pair of boots (worn)
Jewellery
 p - an amulet of faith
Wands
 c - a wand of flame (8) (quivered)
 g - a wand of acid (8)
 m - a wand of digging (3)
Scrolls
 b - 2 scrolls of teleportation
 n - a scroll of fear
Potions
 j - 2 potions of cancellation


   Skills:
 - Level 12.2 Fighting
 + Level 10.1 Maces & Flails
 - Level 4.0 Armour
 - Level 2.1 Dodging
 - Level 2.4 Stealth
 - Level 3.3 Spellcasting
 - Level 8.0 Necromancy


You had 12 spell levels left.
You knew the following spells:

 Your Spells              Type           Power      Damage    Failure   Level
a - Pain                  Necr           100%       1d9       1%          1
b - Vampiric Draining     Necr           31%        2d8       5%          3

Your spell library contained the following spells:

 Spells                   Type           Power      Damage    Failure   Level
 Animate Skeleton         Necr           62%        N/A       1%          1
 Animate Dead             Necr           15%        N/A       19%         4
 Apportation              Tloc           6%         N/A       45%         1
 Slow                     Hex            12%        N/A       45%         1
 Agony                    Necr           31%        N/A       45%         5
 Confusing Touch          Hex            3%         N/A       83%         3
 Ignite Poison            Fire/Tmut/Pois 3%         N/A       83%         3
 Mephitic Cloud           Conj/Pois/Air  3%         N/A       83%         3
 Ozocubu's Armour         Ice            3%         N/A       83%         3
 Alistair's Intoxication  Tmut/Pois      2%         N/A       100%        5
 Fireball                 Conj/Fire      1%         3d3       100%        5
 Freezing Cloud           Conj/Ice/Air   1%         6-21      100%        5
 Starburst                Conj/Fire      1%         6d3       100%        6
 Ozocubu's Refrigeration  Ice            1%         4d5       100%        7
 Ignition                 Fire           1%         3d3       100%        8


Dungeon Overview and Level Annotations

Branches:
Dungeon (9/15)             Temple (1/1) D:7            Lair (2/6) D:9
 Bailey (visited)
  Swamp: Lair:2-4    Shoals: Lair:2-4     Snake: Lair:2-4    Spider: Lair:2-4
    Orc: D:9-12

Altars:
Ashenzari
Cheibriados
Elyvilon
Fedhas
Gozag
Hepliaklqana
Kikubaaqudgha
Makhleb
Nemelex Xobeh
Okawaru
Qazlal
Sif Muna
Trog
Uskayaw
Vehumet
Wu Jian
Xom
Yredelemnul
Zin
The Shining One

Shops:
D:3 ([[

Annotations:
D:3 1 runed translucent door, Crazy Yiuf


Innate Abilities, Weirdness & Mutations

You are resistant to damage.
You can heal yourself by infusing magical energy.
You passively map the area around you.
You do not regenerate.
You possess an exceptional clarity of mind.
You are frail. (-10% HP)


Message History

Found a stone staircase leading up.
Found 15 sling bullets.
Found a pair of boots.
You see here a +0 pair of boots.
A cane toad comes into view.
The cane toad gives a loud, deep croak!
A cane toad is nearby!
Aiming: Throw Flame
Press: ? - help, Q - select action, (/) - cycle Shift-Dir - straight line, f - cane toad
Aim: a cane toad (72% to hit)
The puff of flame hits the cane toad.
The cane toad is lightly wounded.
Unknown command.
Aiming: Throw Flame
Press: ? - help, Q - select action, (/) - cycle Shift-Dir - straight line, f/p - cane toad
Aim: a cane toad (lightly wounded, 72% to hit)
The puff of flame hits the cane toad.
The cane toad is lightly wounded.
Unknown command.
Aiming: Throw Flame
Press: ? - help, Q - select action, (/) - cycle Shift-Dir - straight line, f/p - cane toad
Aim: a cane toad (lightly wounded, 72% to hit)
The puff of flame misses the cane toad.
The cane toad stings you!!
* * * LOW HITPOINT WARNING * * *
You are poisoned.
The cane toad poisons you!
Aiming: Throw Flame
Press: ? - help, Q - select action, (/) - cycle Shift-Dir - straight line, f/p - cane toad
Aim: a cane toad (lightly wounded, 72% to hit)
The puff of flame hits the cane toad but does no damage.
The cane toad is lightly wounded.
The cane toad stings you!
* * * LOW HITPOINT WARNING * * *
You are lethally poisoned!
The cane toad poisons you!
Unknown command.
Unknown command.
Okay, then.
You die...

#.........# , *,,
#[.##.P..## * , ####.....#
* , ###..#..## , * *
#..+.#.## ,* .........#
,,, .,* +.........##### *
...
,#.............#####.....
**
#.........##...@.F......,,
,.##P########.####P.....,
** * ##* ### #.### * #


You could see a cane toad.

Vanquished Creatures
  A hydra (Lair:2)
  2 two-headed ogres
  An orc high priest (Bailey)
  Pikel (D:7)
  An efreet (D:8)
  A troll (Lair:1)
  Grinder (D:3)
  A shadow (D:6)
  4 yaks (D:9)
  Edmund (D:6)
  A water moccasin (Lair:1)
  2 acid dragons
  Duvessa (D:4)
  8 orc warriors
  An ice beast (D:3)
  3 ogres
  3 necrophages
  2 sky beasts
  A lemure (D:7)
  2 kobold brigands
  3 bullfrogs
  3 scorpions
  Dowan (D:4)
  5 killer bees (D:9)
  3 wights (D:8)
  2 electric eels
  A howler monkey (D:5)
  A jelly (D:6)
  A bullfrog zombie (D:6)
  6 hounds
  3 orc priests
  A bullfrog skeleton (D:5)
  A gnoll shaman (D:5)
  Jessica (D:3)
  Natasha (twice) (D:2)
  2 iguanas (D:5)
  5 orc wizards
  A hound skeleton (D:4)
  5 adders
  15 gnolls
  2 white imps (D:7)
  2 worms
  22 orcs
  7 ball pythons
  12 endoplasms
  4 giant cockroaches
  16 goblins
  10 hobgoblins
  5 jackals
  17 kobolds
  3 quokkas
  4 bats
  2 frilled lizards
  9 rats
215 creatures vanquished.

Vanquished Creatures (others)
  An orc (D:8)
  2 fungi (Lair:2)
  8 plants
11 creatures vanquished.

Grand Total: 226 creatures vanquished

Notes
Turn   | Place    | Note
-------+----------+-------------------------------------------
     0 | D:1      | RighteousDevil the Deep Dwarf Necromancer began the quest
                  | for the Orb.
     0 | D:1      | Reached XP level 1. HP: 15/15 MP: 3/3
    93 | D:1      | Reached XP level 2. HP: 11/24 MP: 4/4
    95 | D:1      | Reached skill level 1 in Fighting
   483 | D:1      | Reached XP level 3. HP: 29/31 MP: 5/5
   489 | D:1      | Found a faded altar of an unknown god.
   653 | D:1      | Reached skill level 5 in Necromancy
   674 | D:1      | Reached skill level 1 in Maces & Flails
   717 | D:2      | Noticed Natasha
   731 | D:2      | Killed Natasha
   732 | D:2      | Reached skill level 2 in Fighting
   732 | D:2      | Reached XP level 4. HP: 27/39 MP: 6/6
  1006 | D:2      | Noticed Natasha
  1016 | D:2      | Killed Natasha
  1017 | D:2      | Reached XP level 5. HP: 38/46 MP: 7/7
  1144 | D:3      | Found Orouden's Armour Shoppe.
  1210 | D:3      | Noticed an ice beast
  1226 | D:3      | Killed an ice beast
  1227 | D:3      | Reached skill level 3 in Fighting
  1231 | D:3      | Learned a level 3 spell: Vampiric Draining
  1249 | D:3      | Noticed Grinder
  1271 | D:3      | Paralysed by Grinder for 3 turns
  1282 | D:3      | Paralysed by Grinder for 7 turns
  1294 | D:3      | Paralysed by Grinder for 7 turns
  1320 | D:3      | Killed Grinder
  1321 | D:3      | Reached skill level 4 in Fighting
  1321 | D:3      | Reached XP level 6. HP: 51/57 MP: 6/6
  1338 | D:3      | Noticed Jessica
  1347 | D:3      | Killed Jessica
  1404 | D:3      | Found Addo's Antique Armour Shop.
  1676 | D:3      | Found Geneecio's Weapon Boutique.
  1750 | D:3      | Found a runed translucent door.
  1751 | D:3      | Noticed Crazy Yiuf
  2025 | D:3      | Reached skill level 1 in Armour
  2025 | D:3      | Reached XP level 7. HP: 32/64 MP: 8/8
  2064 | D:3      | Reached skill level 12 in Fighting
  2064 | D:3      | Reached XP level 8. HP: 46/91 MP: 9/9
  2284 | D:4      | Found a hazy altar of Hepliaklqana.
  2459 | D:4      | Noticed Duvessa
  2460 | D:4      | Noticed Dowan
  2484 | D:4      | Killed Duvessa
  2500 | D:4      | Killed Dowan
  3038 | D:5      | Entered Level 5 of the Dungeon
  3090 | D:5      | Found a burning altar of Makhleb.
  3090 | D:5      | Found an iron altar of Okawaru.
  3132 | D:5      | Identified the +3 ring mail of the Miller {rElec rC- Int+4}
  4398 | D:5      | Gained mutation: You passively map the area around you.
                  | [Deep Dwarf growth]
  4398 | D:5      | Reached XP level 9. HP: 45/98 MP: 4/9
  5054 | D:6      | Noticed Edmund
  5085 | D:6      | Killed Edmund
  5215 | D:6      | Found a blossoming altar of Fedhas.
  5721 | D:7      | Noticed Pikel
  5755 | D:7      | Killed Pikel
  5816 | D:7      | Found a broken altar of Ashenzari.
  5877 | D:7      | Found a staircase to the Ecumenical Temple.
  5886 | Temple   | Entered the Ecumenical Temple
  6415 | D:8      | Reached skill level 5 in Maces & Flails
  6450 | D:8      | Found a sparkling altar of Nemelex Xobeh.
  6450 | D:8      | Noticed a two-headed ogre
  6468 | D:8      | Killed a two-headed ogre
  6469 | D:8      | Reached XP level 10. HP: 59/106 MP: 2/9
  6608 | D:8      | Found a radiant altar of Vehumet.
  6633 | D:8      | Found a snail-covered altar of Cheibriados.
  6881 | D:8      | Found a flagged portal.
  6895 | Bailey   | Entered a bailey
  6910 | Bailey   | Gained mutation: You passively dampen the noise of your
                  | surroundings. [potion of mutation]
  6910 | Bailey   | Gained mutation: Your body sometimes deteriorates upon
                  | taking damage. [potion of mutation]
  7252 | Bailey   | Noticed an orc high priest
  7256 | Bailey   | Noticed a soul eater
  7264 | Bailey   | Noticed a soul eater
  7273 | Bailey   | Killed an orc high priest
  7284 | Bailey   | Noticed an orc knight
  8011 | D:9      | Noticed a two-headed ogre
  8044 | D:9      | Killed a two-headed ogre
  8064 | D:9      | Reached XP level 11. HP: 24/114 MP: 4/4
  8084 | D:9      | Found a staircase to the Lair.
  8147 | Lair:1   | Entered Level 1 of the Lair of Beasts
  8212 | Lair:2   | Noticed a five-headed hydra
  8228 | Lair:2   | Killed a five-headed hydra
  8229 | Lair:2   | Reached skill level 10 in Maces & Flails
  8259 | Lair:2   | Lost mutation: Your body sometimes deteriorates upon taking
                  | damage. [potion of mutation]
  8259 | Lair:2   | Lost mutation: You passively dampen the noise of your
                  | surroundings. [potion of mutation]
  8259 | Lair:2   | Gained mutation: You are frail. (-10% HP) [potion of
                  | mutation]
  8259 | Lair:2   | Gained mutation: You possess an exceptional clarity of
                  | mind. [potion of mutation]
  8352 | Lair:2   | HP: 4/102 [cane toad (6)]
  8353 | Lair:2   | Succumbed to a cane toad's poison

Illustrated notes

Levels and vault maps discovered:
D:1:      dpeg_arrival_boxorama, layout_rooms,
          shapermc_ecumenical_altar_mp_vishouse
D:2:      layout_basic, uniq_natasha
D:3:      layout_basic, serial_shops, nicolae_shop_advertising_works
          [nicolae_subvault_shop_adworks], nicolae_shop_statue_plus, shop,
          minmay_misc_feat_diagonals, corexii_shack, uniq_jessica,
          uniq_crazy_yiuf_cottage, uniq_grinder
D:4:      layout_loops_ring, lemuel_doored_altar, uniq_duvessa
D:5:      layout_layer_cave, grunt_temple_overflow_open
D:6:      layout_cave_pools, kennysheep_little_box, uniq_edmund
D:7:      layout_basic, lemuel_round_altar, minmay_temple_entry_antechambers,
          serial_bayou, serial_bayou_pond_e, serial_bayou_crossing,
          serial_bayou_pond_d, serial_bayou_pond_d, uniq_pikel
D:8:      layout_loops_ring, nemelex_diamond_rough_becter, vehumet_crystals,
          mainiacjoe_overflow_boulevard, enter_bailey_3, nrook_mini_backslash
D:9:      layout_basic, nicolae_ru_the_path_less_chosen, erik_lair_island
Temple:   hc_temple_tempest_star
Lair:1:   wad_woods_minihive, layout_loops_ring, lemuel_old_faithful,
          serial_bayou_shore_b
Lair:2:   layout_roguey, amcnicky_mini_pool_medium

Skill      XL: |  1  2  3  4  5  6  7  8  9 10 11 |
---------------+----------------------------------+-----
Fighting       | 1 2 4 12 | 12.2
Necromancy     | 5 6 7 8 |  8.0
Maces & Flails | 1 2 6 9 10 | 10.1
Spellcasting   | 2 3 |  3.3
Armour         | 1 3 4 |  4.0
Dodging        | |  2.1
Stealth        | |  2.4

Action                   |  1- 3 |  4- 6 |  7- 9 | 10-12 || total
-------------------------+-------+-------+-------+-------++-------
Melee: Unarmed           |    19 |       |       |       ||    19
       Whip              |    78 |   141 |   310 |       ||   529
       Punch             |     2 |     3 |     7 |     5 ||    17
       Flail             |       |       |   153 |   385 ||   538
Throw: Throwing net      |       |     4 |     1 |       ||     5
 Cast: Pain              |       |     2 |       |       ||     2
       Vampiric Draining |       |       |    31 |    16 ||    47
 Abil: Heal Wounds       |     3 |     6 |    16 |    42 ||    67
Evoke: Wand              |       |       |     7 |     9 ||    16
  Use: Scroll            |     1 |       |     8 |     4 ||    13
       Potion            |       |       |     8 |     5 ||    13
 Stab: Sleeping          |       |     1 |       |       ||     1
       Paralysed         |       |       |    17 |       ||    17
Armor: Ring mail         |    43 |    10 |       |       ||    53
       Scale mail        |       |    40 |   271 |   224 ||   535
       Skin              |       |       |    32 |       ||    32
Dodge: Dodged            |    88 |    56 |   259 |   279 ||   682
